 Dungeon Crawl Stone Soup version 0.28.0-43-g3370ac3207 (webtiles) character file.

Game seed: 6091723088919868398

5035 Acheron the Carver (level 10, -9/88 HPs)
             Began as a Minotaur Delver on Mar 20, 2022.
             Was a Follower of Nemelex Xobeh.
             Mangled by a cane toad (17 damage)
             ... on level 1 of the Lair of Beasts.
             The game lasted 00:41:05 (6714 turns).

Acheron the Carver (Minotaur Delver)                Turns: 6714, Time: 00:41:15

Health: -9/88      AC: 11    Str: 18    XL:     10   Next: 30%
Magic:  10/10      EV: 12    Int:  7    God:    Nemelex Xobeh [*.....]
Gold:   370        SH:  0    Dex: 17    Spells: 9/9 levels left

rFire   . . .      SeeInvis .   y - +2 long sword (holy)
rCold   . . .      Faith    .   (no shield)
rNeg    . . .      Spirit   .   q - +0 scale mail
rPois   .          Reflect  .   (helmet restricted)
rElec   .          Harm     .   (no cloak)
rCorr   .          Rampage  .   w - +1 pair of gloves "Rystru Woli" {Regen+ Dex+2}
Will    .....                   u - +0 pair of boots
Stlth   ++........              (no amulet)
HPRegen 1.04/turn               (no ring)
MPRegen 0.12/turn               (no ring)

@: lethally poisoned (-9 -> -17)
A: horns 2, retaliatory headbutt
a: Renounce Religion, Draw Escape, Draw Destruction, Draw Summoning


You were on level 1 of the Lair of Beasts.
You worshipped Nemelex Xobeh.
Nemelex Xobeh was aware of your devotion.
You visited 3 branches of the dungeon, and saw 11 of its levels.

You collected 370 gold pieces.

Inventory:

Hand Weapons
 x - a +2 spear of flaming
 y - a +2 long sword of holy wrath (weapon)
 z - a +5 flail
Missiles
 i - 3 poisoned darts (quivered)
 k - 6 boomerangs of dispersal
 n - 27 stones
 C - a throwing net
Armour
 q - a +0 scale mail (worn)
 u - a +0 pair of boots (worn)
 w - the +1 pair of gloves "Rystru Woli" (worn) {Regen+ Dex+2}
   (You found it on level 3 of the Dungeon)

   Dex:       It affects your dexterity (+2).
   Regen:     It increases your rate of health regeneration.
 D - a +1 pair of gloves of infusion
Magical Staves
 o - a staff of poison
 v - a staff of cold
Wands
 b - a wand of charming (1)
 g - a wand of digging (2)
 r - a wand of paralysis (7)
 s - a wand of flame (42)
Scrolls
 c - 3 scrolls of fog
 d - 4 scrolls of magic mapping
Potions
 a - 3 potions of curing
 f - 3 potions of flight
 h - a potion of haste
 l - 2 potions of heal wounds
 m - a potion of invisibility {unknown}
 p - a potion of might {unknown}


   Skills:
 * Level 7.8 Fighting
 * Level 10.0 Long Blades
 * Level 2.2 Maces & Flails
 + Level 0.3 Polearms
 * Level 2.2 Throwing
 * Level 7.8 Armour
 * Level 5.4 Dodging
 * Level 6.3 Stealth
 * Level 1.7 Invocations
 * Level 4.5 Evocations


You had 9 spell levels left.
You didn't know any spells.
Your spell library contained the following spells:

 Spells                   Type           Power      Damage    Failure   Level
 Call Canine Familiar     Summ           0%         N/A       98%         3
 Portal Projectile        Hex/Tloc       0%         N/A       98%         3
 Leda's Liquefaction      Hex/Erth       0%         N/A       100%        4


Dungeon Overview and Level Annotations

Branches:
Dungeon (9/15)             Temple (1/1) D:6            Lair (1/6) D:9
    Orc: D:9-12

Altars:
Ashenzari
Cheibriados
Dithmenos
Elyvilon
Hepliaklqana
Kikubaaqudgha
Makhleb
Nemelex Xobeh
Qazlal
Uskayaw
Vehumet

Shops:
D:3 (

Annotations:
D:1 exclusion: downstairs
D:2 Robin
D:3 exclusion: downstairs, Sigmund
D:4 2 runed translucent doors, exclusions: downstairs and 2 upstairs
D:5 exclusion: upstairs
D:6 Maggie
D:7 exclusion: downstairs
D:8 1 transporter


Innate Abilities, Weirdness & Mutations

You have a pair of horns on your head.
You reflexively headbutt those who attack you in melee.


Message History

You slash the cane toad!
You kill the cane toad!
You feel very sick. The cane toad stings you!!
Your Long Blades skill increases to level 10!
You hit the cane toad. You headbutt the cane toad.
The cane toad is moderately wounded.
You feel very sick. The cane toad stings you!
* * * LOW HITPOINT WARNING * * *
You feel much better.
You feel sick.
The cane toad stings you but does no damage.
You hit the cane toad. You headbutt the cane toad!
The cane toad is heavily wounded.
You feel sick.
The cane toad stings you but does no damage.
You barely miss the cane toad. You headbutt the cane toad.
The cane toad is severely wounded.
You feel sick.
The cane toad stings you but does no damage.
You hit the cane toad but do no damage.
The cane toad is severely wounded.
You feel sick. The cane toad stings you!
* * * LOW HITPOINT WARNING * * *
You closely miss the cane toad. You headbutt the cane toad.
The cane toad is severely wounded.
You feel sick. The cane toad barely misses you.
You hit the cane toad.
The cane toad is almost dead.
You feel sick. The cane toad stings you.
* * * LOW HITPOINT WARNING * * *
You are lethally poisoned!
The cane toad poisons you!
You barely miss the cane toad.
The cane toad is almost dead.
* * * LOW HITPOINT WARNING * * *
You feel very sick. The cane toad stings you!
You die...
Your body disappears without a glow.

............P#...##
##.##
................##
##†##
...........P....##
##.##
.................#
##.#
..Y......F......P#
###
.....##..#..P#...#
.... #...#..#..##
.......##F#...#
..[....#@##..##
.......##....#
.#....##.....#
..#.........##
...#......#..#
..#...###.## .....#
#..# ..$...###.
####
......F..#...##


You could see a cane toad.

Vanquished Creatures
  2 cane toads (Lair:1)
  16 yaks
  A basilisk (Lair:1)
  2 water moccasins (Lair:1)
  An ice beast (D:6)
  An orc warrior (D:7)
  A necrophage (D:7)
  2 ogres
  A centaur (D:7)
  A phantom (D:7)
  A bullfrog (D:6)
  2 gnoll sergeants
  2 scorpions
  A water moccasin zombie (D:6)
  A water moccasin skeleton (D:5)
  A crimson imp (D:4)
  3 centaur zombies
  2 orc priests
  2 hounds
  2 centaur skeletons
  Jessica (D:3)
  A bullfrog skeleton (D:6)
  3 gnoll shamans
  3 iguanas
  Natasha (D:3)
  A killer bee zombie (D:6)
  A mummy (D:8)
  17 gnolls
  4 adders
  A white imp (D:4)
  An adder skeleton (D:4)
  A worm (D:3)
  5 orcs
  6 bats
  5 endoplasms
  4 giant cockroaches (D:3)
  12 goblins
  3 hobgoblins
  6 kobolds
  4 quokkas (D:3)
  4 ball pythons
  2 frilled lizards
  3 rats
134 creatures vanquished.

Vanquished Creatures (others)
  5 fungi (Lair:1)
  26 plants
31 creatures vanquished.

Grand Total: 165 creatures vanquished

Notes
Turn   | Place    | Note
-------+----------+-------------------------------------------
     0 | D:5      | Acheron the Minotaur Delver began the quest for the Orb.
     0 | D:5      | Reached XP level 1. HP: 19/19 MP: 0/0
    61 | D:5      | Noticed an ogre
   202 | D:4      | Noticed a crimson imp
   258 | D:4      | Noticed an iguana
   283 | D:4      | Killed an iguana
   284 | D:4      | Reached XP level 2. HP: 15/27 MP: 1/1
   284 | D:4      | Reached XP level 3. HP: 18/33 MP: 2/2
   872 | D:4      | Reached skill level 1 in Armour
   889 | D:4      | Noticed a scorpion
   984 | D:3      | Noticed Sigmund
  1278 | D:2      | Noticed Robin
  2052 | D:1      | Reached XP level 4. HP: 40/40 MP: 3/3
  2681 | D:3      | Noticed Natasha
  2686 | D:3      | Killed Natasha
  2737 | D:3      | Identified the +1 pair of gloves "Rystru Woli" {Regen+
                  | Dex+2}
  2747 | D:3      | Found Ihozuic's Weapon Shop.
  2768 | D:3      | Reached skill level 1 in Evocations
  2768 | D:3      | Reached XP level 5. HP: 44/47 MP: 4/4
  3030 | D:3      | Noticed Jessica
  3038 | D:3      | Killed Jessica
  3140 | D:4      | Found a large runed translucent door.
  3141 | D:4      | Found a large runed translucent door.
  3220 | D:4      | Reached skill level 3 in Long Blades
  3436 | D:4      | Reached skill level 5 in Stealth
  3436 | D:4      | Reached XP level 6. HP: 37/53 MP: 5/5
  3620 | D:5      | Reached skill level 4 in Long Blades
  3864 | D:6      | Reached skill level 5 in Fighting
  3864 | D:6      | Reached XP level 7. HP: 57/61 MP: 6/6
  4018 | D:6      | Reached skill level 5 in Long Blades
  4346 | D:6      | Noticed Maggie
  4415 | D:6      | Found a staircase to the Ecumenical Temple.
  4423 | Temple   | Entered the Ecumenical Temple
  4556 | Temple   | Became a worshipper of Nemelex Xobeh the Trickster
  4702 | D:7      | Noticed a hornet
  4839 | D:7      | Found a burning altar of Makhleb.
  5088 | D:7      | Reached skill level 6 in Long Blades
  5088 | D:7      | Reached XP level 8. HP: 69/69 MP: 7/7
  5291 | D:7      | Reached skill level 5 in Armour
  5562 | D:7      | Reached skill level 7 in Long Blades
  5597 | D:8      | Found a snail-covered altar of Cheibriados.
  5634 | D:8      | Noticed a green ugly thing
  5635 | D:8      | Found a transporter.
  5636 | D:8      | Noticed an ancient zyme
  5637 | D:8      | Noticed a green ugly thing
  5975 | D:8      | Reached XP level 9. HP: 57/75 MP: 8/8
  5978 | D:8      | Reached skill level 8 in Long Blades
  5999 | D:8      | Reached skill level 1 in Throwing
  6128 | D:8      | Noticed a red ugly thing
  6256 | D:9      | Reached * piety under Nemelex Xobeh
  6312 | D:9      | Found a staircase to the Lair.
  6335 | Lair:1   | Entered Level 1 of the Lair of Beasts
  6371 | Lair:1   | Noticed a cane toad
  6430 | Lair:1   | Noticed a komodo dragon
  6441 | Lair:1   | Noticed a cane toad
  6460 | Lair:1   | Received a gift from Nemelex Xobeh
  6469 | Lair:1   | Reached skill level 5 in Dodging
  6473 | Lair:1   | Reached skill level 9 in Long Blades
  6512 | Lair:1   | Killed a cane toad
  6513 | Lair:1   | Reached skill level 1 in Maces & Flails
  6518 | Lair:1   | Noticed a cane toad
  6537 | Lair:1   | Reached skill level 1 in Invocations
  6554 | Lair:1   | Reached XP level 10. HP: 72/86 MP: 9/9
  6694 | Lair:1   | Noticed a cane toad
  6706 | Lair:1   | Killed a cane toad
  6707 | Lair:1   | Reached skill level 10 in Long Blades
  6714 | Lair:1   | Mangled by a cane toad

Illustrated notes

Levels and vault maps discovered:
D:1:      psy_arrival_conway, layout_loops_ring, serial_bayou_crossing
D:2:      layout_basic, uniq_robin
D:3:      layout_basic, serial_shops,
          nicolae_shop_temple_entry_statues_fountains, gup_sewer_entry_bubbles,
          serial_park_tiny_2, corexii_leaking_fountain, uniq_jessica,
          uniq_natasha, uniq_sigmund
D:4:      layout_rooms, jmf_multi_god_temple2, minivault_23,
          minmay_fire_ice_demons
D:5:      layout_loops_corners, amcnicky_mini_pool_medium
D:6:      layout_basic, lemuel_blue_sif_altar, minmay_temple_entry_fiery,
          kennysheep_small_spiral, uniq_maggie
D:7:      layout_loops_ring, makhleb_heckhound_becter
D:8:      gammafunk_corrupted_shrine, layout_gridville,
          mainiacjoe_overflow_alcove_2, mainiacjoe_overflow_catwalk,
          slow_altar_2, nicolae_grassy_gnolls
D:9:      layout_irregular_city, zin_angel, fedhas_ov_isle_minmay,
          erik_lair_orcish_takeover, serial_shops, nicolae_lakefront_shop,
          chequers_big_river, due_unseen_surprise
Temple:   nicolae_temple_figure_zero
Lair:1:   layout_layer_cave

Skill      XL: |  1  2  3  4  5  6  7  8  9 10 |
---------------+-------------------------------+-----
Armour         | 1 2 3 4 6 7 |  7.8
Fighting       | 4 5 6 7 |  7.8
Evocations     | 1 2 3 4 |  4.5
Dodging        | 3 4 5 |  5.4
Long Blades    | 3 4 6 7 9 10 | 10.0
Stealth        | 5 6 |  6.3
Throwing       | 1 2 |  2.2
Maces & Flails | 1 2 |  2.2
Invocations    | 1 |  1.7
Polearms       | |  0.3

Action                   |  1- 3 |  4- 6 |  7- 9 | 10-12 || total
-------------------------+-------+-------+-------+-------++-------
Melee: Long sword        |    46 |   115 |   245 |    61 ||   467
       Headbutt          |    11 |    16 |    60 |    19 ||   106
       Falchion          |     1 |       |       |       ||     1
       Punch             |     1 |       |     5 |       ||     6
       Spear             |       |     9 |       |       ||     9
Throw: Dart              |       |     2 |    12 |     3 ||    17
Invok: Draw Escape       |       |       |       |     1 ||     1
Evoke: Wand              |       |       |     1 |       ||     1
  Use: Scroll            |     4 |     2 |    10 |       ||    16
       Potion            |     1 |       |     1 |     1 ||     3
 Stab: Sleeping          |     3 |     3 |     2 |       ||     8
       Distracted        |       |       |     1 |       ||     1
Armor: Leather armour    |    17 |     4 |       |       ||    21
       Ring mail         |       |    14 |       |       ||    14
       Scale mail        |       |    30 |    89 |    14 ||   133
Dodge: Dodged            |    48 |    58 |   128 |    17 ||   251
